 Dungeon Crawl Stone Soup version 0.24-a0-317-g5cb8de4 (webtiles) character file.

Game seed: 11812653454678481205

105 mhoghedin the Firebug (level 4, 0/33 HPs)
             Began as a Demigod Fire Elementalist on May 16, 2019.
             Killed by nerve-wracking pain
             ... invoked by an orc priest
              (7 damage)
             ... on level 2 of the Dungeon.
             The game lasted 00:07:38 (3066 turns).

mhoghedin the Firebug (Demigod Fire Elementalist)   Turns: 3066, Time: 00:07:39

Health: 0/33       AC:  3    Str: 11    XL:     4   Next: 29%
Magic:  8/10       EV: 12    Int: 21    God:
Gold:   83         SH:  0    Dex: 16    Spells: 2/8 levels left

rFire    . . .     SeeInvis +   i - +0 hunting sling (curse)
rCold    . . .     Gourm    .   (no shield)
rNeg     . . .     Faith    .   a - +0 robe
rPois    .         Spirit   .   (no helmet)
rElec    .         Reflect  .   (no cloak)
rCorr    .         Harm     .   (no gloves)
MR       .....                  o - +0 pair of boots
Stlth    ++........             k - amulet of the acrobat
HPRegen  0.11/turn              m - ring of see invisible {sInv, !d}
MPRegen  0.12/turn              (no ring)

@: no status effects
A: high mp 1
a: no special abilities


You were on level 2 of the Dungeon.
You were not hungry.

You visited 1 branch of the dungeon, and saw 3 of its levels.

You collected 83 gold pieces.

Inventory:

Hand Weapons
 b - a +0 club
   (You took it off a hobgoblin on level 1 of the Dungeon)
 d - a +3 dagger of venom
   (You found it on level 1 of the Dungeon)
 i - a cursed +0 hunting sling (weapon)
   (You found it on level 1 of the Dungeon)
Missiles
 e - 5 poisoned darts (quivered)
Armour
 a - a +0 robe (worn)
 o - a +0 pair of boots (worn)
   (You found it on level 3 of the Dungeon)
Jewellery
 k - an amulet of the acrobat (around neck)
   (You took it off a kobold on level 1 of the Dungeon)
 m - a ring of see invisible (left hand) {sInv, !d}
   (You found it on level 2 of the Dungeon)
Scrolls
 h - 2 scrolls of identify
 j - a scroll of teleportation
Potions
 f - a potion of degeneration {unknown}
 g - a potion of mutation {!q}
 l - a potion of flight {unknown}
 n - a potion of curing {unknown}
Comestibles
 c - 5 rations


   Skills:
 - Level 1.7 Dodging
 - Level 1.7 Stealth
 + Level 2.6 Spellcasting
 + Level 2.3 Conjurations
 + Level 3.6 Fire Magic


You had 2 spell levels left.
You knew the following spells:

 Your Spells              Type           Power        Failure   Level  Hunger
a - Flame Tongue          Conj/Fire      ###..        4%          1    None
c - Conjure Flame         Conj/Fire      ###.....     12%         3    ###....
x - Throw Flame           Conj/Fire      ###...       6%          2    ##.....

Your spell library contained the following spells:

 Spells                   Type           Power        Failure   Level  Hunger
 Animate Skeleton         Necr           N/A          14%         1    None
 Apportation              Tloc           #.....       14%         1    None
 Confusing Touch          Hex            #.....       14%         1    None
 Summon Small Mammal      Summ           #...         14%         1    None
 Inner Flame              Hex/Fire       ##......     21%         3    ###....
 Sticky Flame             Conj/Fire      ###.....     38%         4    ####...
 Fireball                 Conj/Fire      ###.......   75%         5    ######.


Dungeon Overview and Level Annotations

Branches:
Dungeon (3/15)


Innate Abilities, Weirdness & Mutations

You have an increased reservoir of magic. (+10% MP)


Message History

There is a stone staircase leading up here.
You take 9 damage, and have 15/33 hp.
MASSIVE DAMAGE!!
The orc hits you with a +0 dagger.
You climb upwards.
There is a stone staircase leading down here.
You take 4 damage, and have 11/33 hp.
Aim: an orc, wielding a +0 dagger and wearing a +0 ring mail The puff of flame misses the orc.
The orc closely misses you.
You now have 3/10 mp.
Aim: an orc, wielding a +0 dagger and wearing a +0 ring mail The flame tongue hits the orc.
The orc hits you with a +0 dagger.
* * * LOW HITPOINT WARNING * * *
You take 4 damage, and have 7/33 hp.
You now have 2/10 mp.
Aim: an orc, wielding a +0 dagger and wearing a +0 ring mail (moderately wounded)
The flame tongue hits the orc but does no damage.
The orc hits you with a +0 dagger.
* * * LOW HITPOINT WARNING * * *
You take 1 damage, and have 6/33 hp.
You now have 1/10 mp.
Aim: an orc, wielding a +0 dagger and wearing a +0 ring mail (moderately wounded)
The flame tongue hits the orc.
The orc barely misses you.
You now have 0/10 mp.
The orc closely misses you.
Aim: an orc, wielding a +0 dagger and wearing a +0 ring mail (severely wounded)
The flame tongue hits the orc but does no damage.
The orc misses you.
You now have 0/10 mp.
Aim: an orc, wielding a +0 dagger and wearing a +0 ring mail (heavily wounded)
The flame tongue misses the orc.
The orc hits you with a +0 dagger.
* * * LOW HITPOINT WARNING * * *
You take 5 damage, and have 3/33 hp.
Okay, then.
Unknown command.
You miscast Conjure Flame.
You are very lightly contaminated with residual magic.
Wisps of smoke drift from your hands.
You now have 1/10 mp.
The orc completely misses you.
The fire ignites!
You now have 0/10 mp.
Throwing (i - inventory)
e - 7 poisoned darts (quivered)
Aim: an orc, wielding a +0 dagger and wearing a +0 ring mail (heavily wounded)
You throw a poisoned dart. The poisoned dart hits the orc.
The orc is poisoned.
Your magical contamination has completely faded away.
Throwing (i - inventory)
e - 6 poisoned darts (quivered)
Aim: an orc, wielding a +0 dagger and wearing a +0 ring mail (heavily wounded, poisoned)
You throw a poisoned dart. The poisoned dart hits the orc.
The orc looks even sicker.
Throwing (i - inventory)
e - 5 poisoned darts (quivered)
Aim: an orc, wielding a +0 dagger and wearing a +0 ring mail (heavily wounded, poisoned)
You throw a poisoned dart. The poisoned dart hits the orc.
The orc looks even sicker.
Throwing (i - inventory)
e - 4 poisoned darts (quivered)
Aim: an orc, wielding a +0 dagger and wearing a +0 ring mail (heavily wounded, poisoned)
You throw a poisoned dart. The poisoned dart hits the orc.
Throwing (i - inventory)
e - 3 poisoned darts (quivered)
Aim: an orc, wielding a +0 dagger and wearing a +0 ring mail (heavily wounded, poisoned)
You throw a poisoned dart.
The poisoned dart barely misses the orc.
Throwing (i - inventory)
e - 2 poisoned darts (quivered)
Aim: an orc, wielding a +0 dagger and wearing a +0 ring mail (heavily wounded, poisoned)
You throw a poisoned dart.
The poisoned dart barely misses the orc.
You kill the orc!
You start resting.
Health restored: 33; MP restored: 10
e - 4 poisoned darts (gained 3)
Things that are here:
a +0 dagger; a +0 ring mail; an orc skeleton There isn't anything here!
e - 5 poisoned darts (gained 1) Done exploring.
Done exploring.
Done exploring.
Done exploring.
You are feeling hungry.
You can't go down here!
You eat one of the 6 rations.
That ration really hit the spot!
There is a stone staircase leading down, spattered with blood here.
You climb downwards.
The orc priest invokes the aid of Beogh against you.
Beogh smites you!
There is a stone staircase leading up here.
You take 12 damage, and have 21/33 hp.
MASSIVE DAMAGE!!
The orc priest invokes the aid of Beogh against you.
Beogh smites you! The orc priest completely misses you.
You climb upwards.
There is a stone staircase leading down, spattered with blood here.
You take 9 damage, and have 12/33 hp.
MASSIVE DAMAGE!!
Aim: an orc priest, wielding a +0 mace and wearing a +0 scale mail The flame tongue hits the orc priest!
The orc priest hits you with a +0 mace.
* * * LOW HITPOINT WARNING * * *
You take 5 damage, and have 7/33 hp.
You now have 9/10 mp.
Aim: an orc priest, wielding a +0 mace and wearing a +0 scale mail (heavily wounded)
The flame tongue hits the orc priest.
The orc priest invokes the aid of Beogh against you.
Pain shoots through your body!
You die...

#######(..........#####.#
......(#..........# #.#
.......#.......########.#
.)..♣..#..............#.#
.......#..............#.#
.##....#..............#.#
.##....#.....##..######.#
.......#.....##o.######.# #######
....♣..#.....###@.....#.###.....#
.......#.....# ######.#.#.......#
.......#.#...# #.#.#.♣♣♣♣..#
#######'.##### #.#...♣ ♣♣.# ####
#.#...♣ ♣.# #.#.#.♣ ♣.# #.#...♣
♣.# #.###.♣♣♣♣♣)# #.####.♣♣...#


You could see an orc priest.

Vanquished Creatures
  4 adders (D:2)
  2 worms
  2 dart slugs (D:2)
  2 leopard geckos (D:2)
  2 orcs
  4 giant cockroaches
  6 goblins
  6 hobgoblins
  2 ball pythons (D:1)
  6 bats
  5 frilled lizards
  11 kobolds
  4 rats
56 creatures vanquished.

Notes
Turn   | Place    | Note
-------+----------+-------------------------------------------
     0 | D:1      | mhoghedin the Demigod Fire Elementalist began the quest for
                  | the Orb.
     0 | D:1      | Reached XP level 1. HP: 14/14 MP: 5/5
    44 | D:1      | Reached skill level 1 in Conjurations
   465 | D:1      | Reached skill level 2 in Spellcasting
   508 | D:1      | Reached XP level 2. HP: 20/20 MP: 5/7
   519 | D:1      | Learned a level 2 spell: Throw Flame
   683 | D:1      | Reached skill level 3 in Fire Magic
  1056 | D:2      | Reached XP level 3. HP: 26/26 MP: 6/9
  1411 | D:1      | Learned a level 3 spell: Conjure Flame
  1603 | D:2      | Reached skill level 2 in Conjurations
  2049 | D:2      | Reached XP level 4. HP: 33/33 MP: 2/10
  2304 | D:2      | Found a hazy altar of Hepliaklqana.
  2732 | D:2      | HP: 7/33 [orc/+0 dagger (4)]
  2756 | D:2      | HP: 3/33 [orc/+0 dagger (6)]
  3065 | D:2      | HP: 7/33 [orc priest/+0 mace (6)]
  3066 | D:2      | Killed from afar by an orc priest

Levels and vault maps discovered:
D:1:      psy_arrival_fountain, layout_rooms
D:2:      layout_basic, nicolae_overflow_crystal_walls, first_ration,
          interstate_on_off, serial_park_tiny_1, nrook_campfire,
          kennysheep_pointless_box, chequers_serial_rivers_micro_b
D:3:      layout_loops_corners, lemuel_doored_altar,
          lemuel_coloured_pillars_altar, fedhas_altar_4, uniq_grinder

Skill      XL: |  1  2  3 |
---------------+----------+-----
Conjurations   | 1 2 |  2.3
Spellcasting   | 2 |  2.6
Fire Magic     | 3 |  3.6
Dodging        | |  1.7
Stealth        | |  1.7

Action                   |  1- 3 |  4- 6 || total
-------------------------+-------+-------++-------
Melee: Unarmed           |     3 |       ||     3
Throw: Dart              |    44 |    15 ||    59
 Cast: Flame Tongue      |    30 |    11 ||    41
       Throw Flame       |    45 |    15 ||    60
       Conjure Flame     |     1 |     1 ||     2
  Use: Scroll            |     4 |       ||     4
  Eat: Chunk             |     3 |       ||     3
       Ration            |     1 |     2 ||     3
Armor: Robe              |    15 |       ||    15
Dodge: Dodged            |    42 |     8 ||    50

Table legend:
 A = Non-vault XP
 B = Vault XP
 C = Vault XP percentage of total XP
 D = Non-vault monster count
 E = Vault monster count
 F = Vault count percentage of total count
                 A         B        C        D         E       F
            +---------+---------+-------+---------+---------+-------
      Total |     150 |       0 |   0.0 |      56 |       0 |   0.0
            +---------+---------+-------+---------+---------+-------
        D:1 |      41 |       0 |   0.0 |      24 |       0 |   0.0
        D:2 |     104 |       0 |   0.0 |      30 |       0 |   0.0
        D:3 |       5 |       0 |   0.0 |       2 |       0 |   0.0
            +---------+---------+-------+---------+---------+-------

Levels and vault maps discovered:
D:1:      psy_arrival_fountain, layout_rooms
D:2:      layout_basic, nicolae_overflow_crystal_walls, first_ration,
          interstate_on_off, serial_park_tiny_1, nrook_campfire,
          kennysheep_pointless_box, chequers_serial_rivers_micro_b
D:3:      layout_loops_corners, lemuel_doored_altar,
          lemuel_coloured_pillars_altar, fedhas_altar_4, uniq_grinder

Table legend:
 A = Turns spent in this place as a percentage of turns spent in the entire game.
 B = Non-inter-level travel turns spent in this place as a percentage of non-inter-level travel turns spent in the entire game.
 C = Inter-level travel turns spent in this place as a percentage of turns spent in this place.
 D = Turns resting spent in this place as a percentage of non-inter-level travel turns spent in this place.
 E = Turns spent auto-exploring this place as a percentage of non-inter-level travel turns spent in this place.
 F = Non-inter-level travel turns spent in this place divided by the number of levels of this place that you've seen.
                   A       B       C       D       E      F
               +-------+-------+-------+-------+-------+----------------------
         Total | 100.0 | 100.0 |   3.5 |  49.4 |  32.9 | 986.7
       Dungeon | 100.0 | 100.0 |   3.5 |  49.4 |  32.9 | 986.7
               +-------+-------+-------+-------+-------+----------------------

Table legend:
 A = Kills in this place as a percentage of kills in entire the game.
 B = Kills by you in this place as a percentage of kills by you in the entire game.
 C = Kills by friends in this place as a percentage of kills by friends in the entire game.
 D = Other kills in this place as a percentage of other kills in the entire game.
 E = Experience gained in this place as a percentage of experience gained in the entire game.
 F = Experience gained in this place divided by the number of levels of this place that you have seen.
                   A       B       C       D       E      F
               +-------+-------+-------+-------+-------+----------------------
         Total | 100.0 | 100.0 |   N/A |   N/A | 100.0 |  50.0
       Dungeon | 100.0 | 100.0 |   N/A |   N/A | 100.0 |  50.0
               +-------+-------+-------+-------+-------+----------------------
